Map: Dusty Gorge

Players

BizMac

  • Race: Terran Terran
  • Spawn Location: 11:00

ILIEKEGGPIE

  • Race: Protoss Protoss
  • League: Platinum
  • Spawn Location: 9:00

BjelajA

  • Race: Zerg Zerg
  • League: Diamond
  • Spawn Location: 5:00

Schnee

  • Race: Zerg Zerg
  • Spawn Location: 3:00

VOD

Have the link to the VOD?

Description

Time

  • Played on: June 7, 2018, 5:36 p.m.
  • Length: 14:34
Show
View Real Time Build Order
Export as new Build Order

BizMac Terran 

Build Orders: MMM Bio 

Get SALT Encoding   

  12  0:01  SCV  
  13  0:13  SCV  
  14  0:20  Supply Depot  
  14  0:25  SCV  
  15  0:31  Refinery  
  15  0:44  Barracks  
  15  0:47  SCV  
  16  0:59  SCV  
  17  1:12  SCV  
  18  1:21  Supply Depot  
  18  1:24  SCV  
  19  1:28  Refinery  
  19  1:34  Reaper  
  19  1:37  Orbital Command  
  20  2:02  Factory  
  20  2:05  SCV  
  21  2:13  Barracks  
  21  2:19  SCV, Barracks Tech Lab  
  22  2:31  SCV  
  22  2:32  Barracks  
  22  2:42  Stimpack  
  22  2:43  SCV  
  23  2:56  SCV  
  23  2:57  Starport  
  24  3:04  Marine  
  25  3:06  Marine  
  26  3:22  Marine, Command Center  
  26  3:26  Barracks Tech Lab  
  27  3:31  Barracks Reactor  
  27  3:38  Starport Reactor  
  27  3:45  Supply Depot  
  27  3:50  Marauder  
  27  3:51  Combat Shields  
  27  3:53  Marine  
  30  3:57  SCV  
  31  4:03  Engineering Bay  
  31  4:14  Barracks  
  31  4:16  Medivac  
  33  4:21  SCV  
  34  4:24  Supply Depot  
  34  4:32  Engineering Bay  
  34  4:43  Medivac  
  38  4:46  Marauder, Marine  
  39  4:58  Concussive Shells  
  39  5:01  Terran Infantry Weapons Level 1  
  39  5:04  Marauder, Marine  
  42  5:08  Medivac  
  44  5:16  Orbital Command  
  44  5:31  Terran Infantry Armor Level 1  
  44  5:35  Marauder x2  
  48  5:49  SCV  
  49  5:54  Refinery, Medivac  
  49  5:57  Marauder, Marine x2  
  53  6:01  SCV  
  56  6:09  SCV  
  57  6:13  SCV  
  57  6:14  Refinery  
  58  6:21  SCV  
  58  6:22  Supply Depot  
  58  6:24  Missile Turret  
  59  6:25  SCV  
  60  6:37  SCV  
  60  6:39  Barracks Reactor  
  61  6:40  Marine  
  61  6:44  Marauder x2, Marine  
  61  6:46  Supply Depot  
  64  6:58  Marine  
  63  7:06  Marauder  
  65  7:12  Medivac x2  
  69  7:17  Marauder, Marine x4  
  75  7:23  Armory  
  75  7:27  Marauder  
  77  7:30  SCV  
  78  7:38  Supply Depot  
  78  7:42  Supply Depot  
  78  7:44  Marine  
  78  7:45  Marauder  
  78  7:46  SCV  
  78  7:48  Marauder  
  76  7:58  SCV  
  75  8:03  Marine x4  
  79  8:06  Marauder  
  79  8:09  Marine  
  79  8:11  Supply Depot  
  82  8:20  Marine  
  82  8:21  Marine x3  
  81  8:58  Marine x3  
  81  8:59  Marauder, Marine x2  
  88  9:16  Marine x2  
  88  9:17  Marauder  
  88  9:20  Marauder  
  80  9:41  Marauder x2, Marine x4  
  88  9:46  Terran Infantry Weapons Level 2, Terran Infantry Armor Level 2  
  88  9:52  Viking x2  
  92  9:58  Marine  
  92  9:59  Marine x3  
  95  10:02  Marauder, Marine  
  99  10:07  Barracks  
  99  10:15  Command Center  
  99  10:16  Marine x2  
  99  10:17  Marine  
  101  10:32  Marauder  
  64  10:58  Marauder x2, Marine x4  
  64  11:16  Marine x4  
  68  11:19  Marine  
  68  11:20  Marauder  
  68  11:25  Command Center  
  71  11:34  Marine x4  
  71  11:37  Marauder  
  77  11:41  Marauder  
  79  11:51  Marine  
  79  11:52  Marine  
  73  12:02  Marauder x2, Marine x2  
  73  12:07  Command Center  
  79  12:09  Marine x2  
  79  12:10  Barracks Reactor  
  81  12:18  Medivac  
  81  12:20  Marine x2  
  85  12:23  Marauder  
  87  12:37  Planetary Fortress  
  87  12:43  Refinery  
  53  13:17  Marauder, Marine x3  
  53  13:18  Marauder, Marine x3  
  61  13:35  Marine x5  
  61  13:39  Marauder x2  
  71  13:48  SCV  
  71  14:00  Marauder, SCV  
  74  14:09  Marauder, Marine x4  
  78  14:10  Marine x2  
Show
View Real Time Build Order
Export as new Build Order

ILIEKEGGPIE Protoss 

Build Orders: Double Forge 

Get SALT Encoding   

  12  0:01  Probe  
  13  0:18  Pylon  
  13  0:19  Probe  
  14  0:28  Probe  
  15  0:36  Probe  
  16  0:43  Gateway  
  16  0:49  Probe  
  16  0:54  Assimilator  
  17  1:01  Probe  
  18  1:13  Pylon, Probe  
  19  1:18  Gateway  
  20  1:25  Probe  
  20  1:33  Cybernetics Core  
  20  1:37  Probe  
  21  2:00  Nexus  
  21  2:10  Assimilator, Warp Gate  
  21  2:13  Adept  
  23  2:22  Adept  
  25  2:30  Probe  
  26  2:38  Assimilator  
  26  2:59  Adept x2  
  26  3:01  Probe  
  31  3:11  Twilight Council  
  31  3:13  Probe x2  
  33  3:21  Probe  
  33  3:25  Probe  
  35  3:29  Resonating Glaives  
  35  3:35  Pylon, Probe  
  35  3:39  Probe  
  36  3:43  Probe  
  36  3:46  Gateway  
  38  3:51  Gateway  
  38  4:12  Gateway  
  38  4:17  Adept x2, Probe  
  38  4:21  Probe  
  44  4:25  Probe  
  44  4:26  Assimilator  
  45  4:33  Probe  
  45  4:35  Probe  
  47  4:40  Forge  
  47  4:41  Forge  
  47  4:44  Pylon  
  47  4:45  Probe  
  47  4:47  Probe  
  49  4:57  Probe  
  49  4:59  Probe  
  51  5:03  Protoss Ground Weapons Level 1  
  51  5:05  Robotics Facility  
  51  5:06  Pylon  
  51  5:10  Protoss Ground Armor Level 1  
  51  5:11  Pylon  
  51  5:20  Assimilator  
  51  5:37  Probe x2  
  51  5:38  Robotics Facility  
  53  5:49  Probe x2  
  55  5:52  Observer  
  55  5:53  Pylon  
  55  5:54  Charge  
  56  5:58  Templar Archives  
  56  6:01  Probe x2  
  56  6:03  Pylon  
  58  6:37  Robotics Bay  
  56  6:42  Immortal x2  
  64  6:54  Zealot  
  66  7:03  Nexus  
  66  7:04  Pylon  
  66  7:06  Pylon  
  66  7:19  Zealot x2  
  66  7:20  Zealot x2  
  66  7:21  Immortal x2  
  82  7:24  Extended Thermal Lance  
  82  7:49  Sentry  
  82  7:50  Stalker x2  
  82  7:51  Stalker  
  88  8:00  Colossus  
  88  8:04  Protoss Ground Armor Level 2, Gateway  
  88  8:06  Gateway  
  88  8:12  Colossus  
  100  8:37  Assimilator  
  100  8:41  Zealot x4  
  102  8:42  Assimilator  
  100  8:54  Colossus  
  88  8:58  Protoss Ground Weapons Level 2  
  88  9:20  Colossus  
  82  9:37  Stalker x4  
  90  9:38  Zealot x2  
  90  9:44  Pylon  
  95  9:45  Probe x2  
  95  9:46  Probe  
  97  9:57  Probe  
  97  9:58  Probe  
  97  9:59  Pylon  
  99  10:02  Pylon  
  99  10:03  Pylon  
  99  10:04  Stalker x3  
  99  10:05  Stalker x2  
  109  10:20  Gateway  
  109  10:28  High Templar x2  
  109  10:29  High Templar x2  
  117  10:37  Protoss Ground Armor Level 3  
  116  10:52  Archon x2  
  116  11:02  Zealot x5  
  116  11:03  Zealot  
  128  11:26  Gateway x2  
  128  11:32  Colossus x2  
  134  11:36  Probe x3  
  143  11:42  Stalker x2  
  143  11:43  Stalker  
  149  11:48  Probe x2  
  151  12:14  Observer Gravitic Boosters  
  151  12:26  Observer  
  152  12:47  Stalker x2  
  156  12:52  Pylon  
  156  12:55  Pylon  
  156  12:58  Pylon  
Show
View Real Time Build Order
Export as new Build Order

BjelajA Zerg 

Build Orders: 3 Hatch before Pool 

Get SALT Encoding   

  12  0:01  Drone  
  13  0:08  Drone  
  14  0:17  Overlord  
  14  0:28  Extractor  
  13  0:29  Drone  
  15  0:36  Drone x2  
  17  0:44  Drone  
  18  1:01  Hatchery, Drone  
  18  1:09  Drone  
  19  1:16  Drone  
  20  1:30  Drone  
  21  1:33  Hatchery  
  21  1:34  Extractor  
  19  1:45  Spawning Pool  
  18  1:47  Drone  
  18  1:51  Drone  
  20  1:59  Drone  
  21  2:10  Drone  
  22  2:21  Overlord  
  22  2:26  Drone x2  
  24  2:31  Queen  
  24  2:33  Queen  
  28  2:42  Drone x3  
  31  2:45  Metabolic Boost  
  31  2:53  Queen  
  33  2:58  Drone  
  33  2:59  Drone  
  33  3:04  Overlord  
  35  3:07  Drone  
  36  3:16  Roach Warren  
  36  3:17  Drone  
  36  3:19  Drone  
  38  3:20  Drone  
  38  3:23  Drone  
  38  3:24  Drone  
  40  3:27  Drone  
  40  3:29  Drone  
  40  3:31  Drone  
  43  3:36  Zergling x4  
  43  3:37  Zergling x2  
  46  3:44  Overlord  
  46  3:50  Spore Crawler  
  46  3:54  Spore Crawler  
  44  3:56  Spore Crawler  
  44  4:02  Overlord x2  
  43  4:03  Drone x4  
  47  4:13  Drone x5, Extractor  
  51  4:19  Lair  
  51  4:29  Drone x4  
  51  4:30  Drone x2  
  57  4:34  Overlord  
  57  4:41  Roach  
  57  4:42  Roach x3  
  57  4:43  Roach  
  69  4:45  Roach  
  69  4:48  Roach  
  75  5:00  Roach x4  
  75  5:01  Zergling x6  
  75  5:03  Overlord  
  82  5:16  Overlord  
  82  5:17  Glial Reconstitution  
  82  5:23  Roach  
  82  5:24  Roach, Zergling x4  
  82  5:25  Zergling x4  
  82  5:27  Overlord x2  
  90  5:32  Overlord, Extractor  
  90  5:33  Overlord x2  
  89  5:35  Overseer  
  89  5:39  Roach  
  89  5:40  Zergling x8  
  89  5:41  Zergling x2  
  97  5:42  Zergling x2  
  97  5:48  Drone x2  
  99  5:50  Extractor  
  99  5:55  Pneumatized Carapace  
  98  6:00  Drone x4  
  102  6:06  Roach  
  104  6:12  Extractor  
  107  6:18  Roach x3  
  107  6:19  Roach x3  
  115  6:29  Drone x3  
  115  6:30  Drone x4  
  122  6:34  Extractor  
  121  6:42  Evolution Chamber  
  121  6:43  Evolution Chamber  
  119  7:08  Zerg Melee Weapons Level 1  
  119  7:09  Zerg Ground Armor Level 1  
  119  7:13  Overlord x3  
  119  7:18  Infestation Pit  
  119  7:22  Baneling Nest  
  117  7:30  Zergling x6  
  117  7:31  Zergling x14  
  117  7:32  Zergling x14  
  121  8:05  Centrifical Hooks  
  121  8:08  Hive  
  121  8:16  Baneling x3  
  121  8:17  Baneling x6  
  121  8:18  Baneling x7  
  121  8:20  Zergling x12  
  121  8:21  Zergling x8  
  121  8:43  Roach  
  121  8:44  Roach x6  
  121  8:45  Roach x3, Zergling x6  
  107  8:59  Zergling x8  
  109  9:09  Zergling x6  
  106  9:31  Baneling x8  
  102  9:34  Zergling x12  
  102  9:35  Zergling x8  
  112  9:45  Zerg Melee Weapons Level 2  
  112  9:46  Zerg Ground Armor Level 2  
  112  9:52  Ultralisk Cavern  
  111  9:56  Baneling x3  
  111  9:57  Baneling x6  
  111  9:58  Baneling  
  111  10:07  Baneling x7  
  111  10:08  Baneling x4  
  111  10:10  Zergling x4  
  111  10:11  Zergling x14  
  93  10:58  Roach  
  93  10:59  Roach x2, Ultralisk  
  93  11:00  Ultralisk x3  
  93  11:02  Zergling x6  
  93  11:03  Zergling x16  
  93  11:04  Zergling x2  
  100  11:11  Chitinous Plating  
  100  11:19  Ultralisk  
  100  11:22  Zergling x6  
  109  11:34  Ultralisk  
  109  11:35  Hatchery  
  114  11:41  Zergling x10  
  114  11:42  Zergling x8  
  123  11:53  Baneling x3  
  123  11:54  Baneling x4  
  123  11:55  Baneling x3  
  123  11:56  Baneling x4  
  123  12:20  Zergling x4  
  123  12:21  Zergling x8  
  123  12:22  Roach  
  131  12:23  Ultralisk  
  131  12:24  Zergling x10  
  131  12:25  Zergling x4  
  144  12:42  Baneling x7  
  144  12:43  Baneling x3  
  144  12:47  Zergling x10  
  144  12:48  Zergling x14  
  118  13:23  Ultralisk x2  
  118  13:24  Zergling x10  
  118  13:25  Zergling x16  
  118  13:26  Zergling x4  
Show
View Real Time Build Order
Export as new Build Order

Schnee Zerg 

Build Orders: Pool First 

Get SALT Encoding   

  12  0:01  Drone  
  13  0:13  Overlord  
  13  0:21  Drone  
  14  0:37  Spawning Pool  
  14  0:39  Extractor  
  14  0:42  Drone  
  13  0:46  Drone  
  14  0:51  Drone  
  15  1:03  Drone  
  16  1:05  Overlord  
  16  1:16  Drone  
  17  1:30  Queen  
  19  1:39  Metabolic Boost  
  20  1:47  Zergling x6  
  22  2:09  Hatchery  
  21  2:19  Zergling x4  
  23  2:47  Drone x2  
  23  2:48  Drone  
  25  3:10  Roach Warren  
  25  3:12  Overlord  
  24  3:13  Overlord  
  24  3:20  Drone  
  24  3:21  Drone x3  
  24  3:24  Queen  
  30  3:48  Lair  
  30  3:50  Extractor  
  30  3:51  Roach  
  30  3:52  Roach x2  
  35  3:59  Drone x2  
  35  4:00  Drone  
  38  4:13  Drone x3  
  41  4:29  Roach x4  
  49  4:41  Roach  
  49  4:44  Overlord x2  
  51  4:53  Spine Crawler  
  51  4:56  Spine Crawler  
  49  5:04  Drone x5  
  54  5:12  Glial Reconstitution  
  54  5:15  Burrow  
  54  5:24  Hydralisk Den  
  53  5:29  Evolution Chamber  
  53  5:30  Evolution Chamber  
  53  5:35  Roach  
  53  5:41  Extractor  
  53  5:42  Extractor  
  51  5:47  Drone  
  51  5:48  Drone x6  
  58  6:12  Spore Crawler  
  58  6:15  Spore Crawler  
  56  6:19  Drone  
  56  6:20  Drone x9  
  66  6:37  Zerg Melee Weapons Level 1  
  66  6:38  Zerg Ground Armor Level 1  
  66  6:48  Evolution Chamber  
  65  7:13  Hatchery  
  64  7:17  Overseer x3  
  64  7:33  Roach  
  64  7:34  Roach  
  66  7:40  Overlord x2  
  66  7:41  Overlord x3  
  66  7:50  Zerg Missile Weapons Level 1  
  65  8:03  Drone x6  
  71  8:13  Hydralisk  
  71  8:15  Spire  
  72  8:34  Hydralisk x8  
  81  8:52  Roach x9  
  81  8:53  Roach  
  99  9:00  Hydralisk  
  99  9:01  Hydralisk  
  99  9:30  Overlord x3  
  99  9:31  Overlord x2  
  99  9:47  Muscular Augments  
  99  9:51  Zerg Melee Weapons Level 2  
  99  9:52  Zerg Ground Armor Level 2, Zerg Missile Weapons Level 2  
  99  9:53  Drone  
  99  9:54  Drone x6  
  99  9:59  Spore Crawler  
  105  10:02  Spine Crawler  
  105  10:05  Spine Crawler  
  103  10:17  Pneumatized Carapace  
  93  10:31  Hydralisk  
  93  10:32  Hydralisk x6  
  105  10:43  Corruptor x2  
  105  10:44  Corruptor  
  107  10:53  Queen  
  107  10:54  Corruptor  
  111  10:58  Corruptor  
  111  10:59  Grooved Spines  
  113  11:11  Corruptor  
  115  11:24  Extractor  
  114  11:26  Extractor  
  114  11:29  Corruptor x2  
  117  11:33  Zergling x22  
  128  12:00  Hydralisk  
  128  12:01  Hydralisk  
  128  12:06  Overlord x4  
  128  12:07  Overlord x4  
  130  12:28  Roach x9  
  148  12:36  Drone x2  
  148  12:37  Drone  
  151  12:47  Hydralisk  
  151  12:48  Hydralisk x2  
  144  13:12  Roach  
  144  13:13  Roach x7  
  158  13:38  Overseer x3  
  158  13:58  Hydralisk x7  
  158  13:59  Hydralisk x4  
Tags
 
Add a new tag
Caveats
  • Supply blocks, unpowered buildings, or Contaminate may cause inaccurate times.
  • Supply counts are checked every 10 seconds.